 Dungeon Crawl Stone Soup version 0.21.1-1-g345015f (webtiles) character file.

16 letownia2 the Charmwright (level 2, 1/22 HPs)
             Began as a Merfolk Skald on Mar 14, 2018.
             Quit the game on level 2 of the Dungeon.
             The game lasted 00:01:30 (500 turns).

letownia2 the Charmwright (Merfolk Skald)            Turns: 500, Time: 00:01:31

Health: 1/22       AC:  3    Str: 11    XL:     2   Next: 54%
Magic:  1/5        EV: 12    Int: 12    God:
Gold:   23         SH:  0    Dex: 13    Spells: 4/5 levels left

rFire    . . .     SeeInvis .   a - +0 spear
rCold    . . .     Gourm    .   (no shield)
rNeg     . . .     Faith    .   b - +0 leather armour
rPois    .         Spirit   .   (no helmet)
rElec    .         Reflect  .   (no cloak)
rCorr    .         Harm     .   (no gloves)
MR       .....                  (no boots)
Stlth    +.........             (no amulet)
HPRegen  0.07/turn              (no ring)
MPRegen  0.09/turn              (no ring)

@: infused
A: change form in water, swift swim, stealthy swim
a: no special abilities


You were on level 2 of the Dungeon.
You were not hungry.

You visited 1 branch of the dungeon, and saw 3 of its levels.

You collected 23 gold pieces.

Inventory:

Hand Weapons
 a - a +0 spear (weapon)
 h - a +1 dagger of holy wrath
 k - a +0 hunting sling
Armour
 b - a +0 leather armour (worn)
Scrolls
 i - a scroll of enchant armour {unknown}
 j - a scroll of remove curse {unknown}
 m - a scroll of amnesia {unknown}
Potions
 e - a potion of curing {unknown}
 f - a potion of lignification {unknown}
 g - 3 potions of degeneration {unknown}
 l - a potion of mutation {unknown}
Books
 c - a book of Battle

   Spells                             Type                      Level
   a - Infusion                       Charms                       1
   b - Shroud of Golubria             Charms/Translocation         2
   c - Song of Slaying                Charms                       2
   d - Spectral Weapon                Hexes/Charms                 3
   e - Regeneration                   Charms/Necromancy            3
Comestibles
 d - 2 rations


   Skills:
 - Level 2.1 Fighting
 - Level 3.0 Polearms
 - Level 0.6 Armour
 - Level 2.6 Dodging
 - Level 2.0 Spellcasting
 + Level 4.2 Charms


You had 4 spell levels left.
You knew the following spells:

 Your Spells              Type           Power        Failure   Level  Hunger
a - Infusion              Chrm           ##..         6%          1    ##.....


Dungeon Overview and Level Annotations

Branches:
Dungeon (3/15)

Altars:

Annotations:
D:3 Terence


Message History

You hear a shout!
The orc priest calls down the wrath of Beogh upon you.
Pain shoots through your body!
You hear a shout!
Found five items.
Terence the Incautious comes into view.
He is wielding a mace.
There is a stone staircase leading up here.
Casting: Infusion
Confirm with . or Enter, or press ? or * to list all spells.
You begin infusing your attacks with magical energy.
The orc wizard gestures wildly while chanting.
The orc wizard seems to speed up.
Unknown command.
The bat completely misses you.
The orc wizard points at you and mumbles some strange words.
The puff of frost hits you!
* * * LOW HITPOINT WARNING * * *
You climb upwards.
There is a stone staircase leading down here.
Are you sure you want to abandon this character and quit the game? (Confirm with "yes".)

.......########..######
.#......†..............
...############..#####
....##....# #..#
...8.####.# #..#
.......##.# ##.#
.⌠........# #.# .
.......#### #.###....
...8.### #@.......
....## #####.... ...##
.. ..## ..# ..#
.÷###### .......#
.......#


There were no monsters in sight!

Vanquished Creatures
  A worm (D:2)
  An orc (D:3)
  A giant cockroach (D:2)
  A hobgoblin (D:2)
  4 jackals (D:2)
  A bat (D:1)
  A goblin (D:2)
  A rat (D:2)
11 creatures vanquished.

Vanquished Creatures (others)
  5 toadstools (D:1)
5 creatures vanquished.

Grand Total: 16 creatures vanquished

Notes
Turn   | Place    | Note
-------+----------+-------------------------------------------
     0 | D:1      | letownia2 the Merfolk Skald began the quest for the Orb.
     0 | D:1      | Reached XP level 1. HP: 16/16 MP: 3/3
   151 | D:1      | Reached XP level 2. HP: 11/22 MP: 0/5
   248 | D:2      | Reached skill level 4 in Charms
   497 | D:3      | Noticed Terence
   498 | D:3      | HP: 1/22 [orc wizard/puff of frost (10)]
   500 | D:2      | Quit the game

Skill      XL: |  1  2 |
---------------+-------+-----
Charms         | 4 |  4.2
Fighting       | |  2.1
Polearms       | |  3.0
Armour         | |  0.6
Dodging        | |  2.6
Spellcasting   | |  2.0

Action                   || total
-------------------------++-------
Melee: Spear             ||    30
 Cast: Infusion          ||     6
 Stab: Sleeping          ||     1
Armor: Leather armour    ||     3
Dodge: Dodged            ||    19
